Map: 프록시마 정거장 - 래더

Players

Patience - Winner!

  • Race: Protoss Protoss
  • Spawn Location: 1:00

aAaMiNiMaTh (MiNiMaTh)

  • Race: Zerg Zerg
  • Spawn Location: 7:00

Event: IEM XI Katowice - World Championship 2017

VOD

Have the link to the VOD?

Description

Time

  • Played on: Feb. 28, 2017, 9:58 a.m.
  • Length: 14:08

All games in this series

Show
View Real Time Build Order
Export as new Build Order

Patience Protoss - Winner!

Build Orders: 1 Gate Expand, Zealot Archon 

Get SALT Encoding   

  12  0:00  Probe (Chrono Boost)  
  13  0:11  Probe (Chrono Boost)  
  14  0:19  Pylon  
  14  0:22  Probe (Chrono Boost)  
  15  0:37  Probe (Chrono Boost)  
  15  0:38  Gateway  
  16  0:44  Assimilator  
  16  0:47  Probe (Chrono Boost)  
  17  0:58  Probe (Chrono Boost)  
  17  1:03  Gateway  
  18  1:08  Probe (Chrono Boost)  
  19  1:27  Cybernetics Core  
  19  1:38  Nexus  
  19  1:45  Pylon  
  19  1:48  Probe (Chrono Boost)  
  20  2:00  Probe (Chrono Boost)  
  21  2:02  Adept x2  
  25  2:12  Assimilator, Probe (Chrono Boost)  
  26  2:17  Warp Gate  
  27  2:23  Probe (Chrono Boost)  
  27  2:29  Adept  
  29  2:35  Probe (Chrono Boost)  
  30  2:43  Twilight Council  
  30  2:46  Probe (Chrono Boost)  
  31  2:52  Probe (Chrono Boost)  
  31  2:56  Probe (Chrono Boost)  
  33  3:02  Probe (Chrono Boost)  
  34  3:07  Probe (Chrono Boost)  
  37  3:13  Resonating Glaives, Probe (Chrono Boost)  
  37  3:19  Probe (Chrono Boost)  
  37  3:24  Probe (Chrono Boost)  
  38  3:31  Adept x2, Probe (Chrono Boost)  
  38  3:33  Pylon  
  44  3:34  Probe (Chrono Boost)  
  45  3:43  Probe (Chrono Boost)  
  45  3:45  Probe (Chrono Boost)  
  45  3:46  Pylon  
  46  3:50  Robotics Facility  
  46  3:52  Assimilator  
  46  3:55  Probe (Chrono Boost)  
  47  3:57  Assimilator  
  47  3:59  Probe (Chrono Boost)  
  48  4:04  Dark Shrine  
  48  4:10  Probe (Chrono Boost)  
  48  4:15  Mothership Core (Chrono Boost)  
  48  4:16  Pylon  
  51  4:22  Probe (Chrono Boost)  
  52  4:28  Nexus  
  52  4:33  Pylon  
  52  4:36  Probe x2 (Chrono Boost)  
  54  4:47  Gateway  
  54  4:48  Gateway  
  54  4:50  Warp Prism  
  54  4:58  Probe (Chrono Boost)  
  58  5:00  Probe (Chrono Boost)  
  58  5:07  Pylon  
  58  5:08  Probe (Chrono Boost)  
  58  5:12  Probe (Chrono Boost)  
  60  5:19  Probe (Chrono Boost)  
  53  5:21  Adept x2  
  53  5:26  Pylon, Observer  
  57  5:28  Probe (Chrono Boost)  
  57  5:37  Probe (Chrono Boost)  
  57  5:40  Probe (Chrono Boost)  
  57  5:42  Probe (Chrono Boost)  
  60  5:45  Forge  
  61  5:50  Probe (Chrono Boost)  
  61  5:55  Dark Templar x3  
  61  5:56  Dark Templar  
  69  5:57  Probe x2 (Chrono Boost)  
  69  6:00  Probe (Chrono Boost)  
  69  6:02  Pylon  
  69  6:03  Protoss Ground Weapons Level 1  
  72  6:05  Immortal  
  72  6:09  Probe (Chrono Boost)  
  72  6:10  Probe (Chrono Boost)  
  76  6:21  Archon  
  76  6:23  Blink  
  76  6:26  Gateway x2  
  76  6:27  Dark Templar  
  76  6:29  Gateway  
  76  6:32  Archon  
  78  6:33  Sentry x2, Gateway  
  78  6:34  Sentry  
  78  6:36  Probe x3 (Chrono Boost)  
  87  6:47  Assimilator  
  87  6:50  Assimilator  
  87  6:57  Probe x2 (Chrono Boost)  
  87  6:58  Probe (Chrono Boost), Sentry x3  
  96  7:03  Pylon  
  96  7:04  Pylon  
  96  7:07  Immortal  
  98  7:09  Probe (Chrono Boost)  
  98  7:10  Probe (Chrono Boost)  
  102  7:17  Gateway  
  102  7:18  Gateway  
  102  7:22  Pylon  
  102  7:24  Pylon  
  102  7:25  Probe (Chrono Boost)  
  102  7:26  Probe x2 (Chrono Boost)  
  105  7:30  Sentry x2  
  105  7:31  Adept x2  
  105  7:34  Adept x2  
  105  7:35  Adept x2  
  121  7:40  Pylon  
  121  7:42  Pylon  
  117  8:02  Stalker x3  
  117  8:03  Stalker x3  
  117  8:04  Stalker  
  131  8:05  Protoss Ground Weapons Level 2  
  131  8:09  Immortal  
  135  8:22  Nexus  
  135  8:24  Pylon  
  135  8:32  Stalker x2  
  135  8:33  Stalker x4  
  139  8:46  Stalker x2  
  139  8:47  Stalker  
  129  8:55  Dark Templar  
  129  8:56  Dark Templar  
  129  8:57  Dark Templar  
  129  8:58  Zealot x3  
  131  9:05  Immortal  
  118  9:23  Probe x2 (Chrono Boost)  
  116  9:30  Stalker x3  
  116  9:31  Stalker x5  
  126  9:41  Immortal  
  126  9:42  Stalker  
  130  9:57  Stalker x4  
  130  9:58  Stalker  
  132  10:03  Dark Templar  
  132  10:04  Zealot  
  126  10:15  Immortal  
  130  10:27  Pylon, Probe x3 (Chrono Boost)  
  133  10:30  Sentry x3  
  133  10:31  Pylon, Adept x4  
  147  10:45  Photon Cannon  
  147  10:46  Protoss Ground Weapons Level 3  
  147  10:47  Photon Cannon  
  147  10:48  Adept x2  
  147  10:49  Pylon  
  151  10:52  Archon x2  
  151  10:55  Immortal  
  151  11:03  Adept x3  
  151  11:04  Adept x4  
  163  11:06  Assimilator  
  163  11:10  Assimilator, Photon Cannon  
  163  11:28  Stalker x6  
  163  11:29  Stalker x2  
  163  11:30  Zealot  
  181  11:42  Warp Prism  
  179  11:48  Pylon  
  175  11:59  Adept x6  
  175  12:00  Adept x3  
  189  12:02  Nexus  
  189  12:04  Pylon  
  123  12:26  Stalker x4, Immortal  
  123  12:27  Stalker x5  
  103  12:50  Dark Templar  
  105  12:51  Stalker x2  
  105  12:52  Stalker x6  
  105  12:54  Pylon  
  117  13:18  Adept  
  117  13:19  Zealot x2, Adept  
  117  13:20  Zealot x4  
  107  13:40  Stalker x5  
  117  13:43  Stalker x3  
  115  13:48  Stalker  
  115  14:02  Templar Archives  
  115  14:05  Dark Templar  
  115  14:06  Dark Templar x6  
  115  14:07  Dark Templar  
Show
View Real Time Build Order
Export as new Build Order

aAaMiNiMaTh Zerg 

Build Orders: Hatch First 

Get SALT Encoding   

  12  0:00  Drone  
  13  0:13  Overlord  
  13  0:17  Drone  
  14  0:32  Drone x2  
  16  0:35  Drone  
  17  0:54  Hatchery  
  17  0:55  Drone  
  17  0:58  Drone  
  18  1:08  Extractor  
  17  1:13  Spawning Pool  
  17  1:16  Drone  
  17  1:19  Drone  
  18  1:29  Drone  
  19  1:39  Overlord  
  19  1:53  Drone  
  20  1:59  Queen  
  22  2:04  Drone  
  22  2:05  Queen  
  22  2:07  Drone  
  22  2:08  Metabolic Boost  
  26  2:11  Zergling x2  
  27  2:16  Zergling x2  
  29  2:22  Zergling x2  
  29  2:27  Zergling x2  
  30  2:34  Zergling x2  
  31  2:39  Hatchery  
  30  2:45  Overlord  
  30  2:49  Zergling x2, Drone  
  31  3:06  Drone x3  
  31  3:07  Drone x2  
  31  3:11  Drone x2  
  38  3:13  Drone x2  
  38  3:18  Overlord  
  40  3:22  Drone  
  40  3:24  Drone  
  42  3:32  Drone  
  43  3:35  Drone  
  43  3:39  Evolution Chamber  
  43  3:41  Drone  
  44  3:42  Baneling Nest  
  44  3:47  Extractor, Drone  
  44  3:48  Drone x2  
  45  3:50  Drone x3  
  47  3:57  Drone x3  
  47  3:58  Drone  
  47  4:02  Drone  
  52  4:09  Zerg Melee Weapons Level 1  
  52  4:12  Overlord x2  
  52  4:17  Roach Warren  
  52  4:21  Queen  
  52  4:23  Overlord  
  53  4:27  Overlord  
  53  4:31  Overlord  
  53  4:33  Zergling x4  
  53  4:34  Zergling x2  
  53  4:36  Drone  
  53  4:37  Drone  
  58  4:40  Zergling x4  
  59  4:47  Zergling x8  
  63  4:57  Baneling x2  
  63  4:58  Baneling x3  
  63  4:59  Baneling  
  63  5:01  Zergling x12  
  63  5:02  Zergling x2  
  70  5:14  Roach x3  
  69  5:23  Spore Crawler  
  69  5:24  Spore Crawler  
  69  5:26  Spore Crawler  
  69  5:27  Drone x3  
  69  5:28  Drone x6  
  75  5:31  Drone  
  75  5:35  Roach x3  
  82  5:38  Roach x2  
  82  5:42  Lair  
  86  5:46  Roach  
  86  5:47  Extractor  
  87  5:54  Overlord x2  
  87  6:10  Drone x2  
  88  6:11  Drone x3  
  88  6:13  Zerg Missile Weapons Level 1, Extractor  
  88  6:14  Drone x3  
  88  6:15  Drone  
  88  6:16  Extractor, Drone x2  
  94  6:21  Queen  
  94  6:22  Drone x3  
  98  6:29  Drone x3  
  101  6:38  Extractor  
  101  6:39  Glial Reconstitution  
  100  6:41  Pneumatized Carapace  
  100  6:42  Overseer  
  97  6:56  Hatchery  
  97  6:57  Roach x2  
  97  6:58  Roach x8  
  114  7:16  Overlord x3  
  114  7:22  Hatchery  
  113  7:30  Overlord x2  
  113  7:31  Overlord  
  113  7:32  Centrifical Hooks  
  113  7:34  Drone x3  
  113  7:35  Drone x2  
  116  7:50  Roach x2  
  116  7:51  Roach x7  
  127  7:52  Roach x5  
  127  7:58  Zergling x4  
  143  8:04  Zergling x8  
  147  8:07  Ravager x7  
  147  8:11  Overlord x3  
  154  8:26  Hatchery  
  152  8:29  Zergling x2  
  152  8:30  Zergling x18  
  152  8:32  Baneling x5  
  162  8:36  Zergling x2  
  162  8:37  Zergling x2  
  160  8:47  Zergling x8, Roach x3  
  160  8:48  Roach  
  155  8:53  Zergling x2  
  155  8:54  Roach  
  140  9:02  Zergling x6, Roach x3  
  137  9:06  Zergling x2  
  130  9:15  Zergling x6  
  128  9:22  Zergling x2  
  128  9:23  Zergling x8, Roach x5  
  142  9:30  Zergling x6  
  139  9:31  Overseer  
  139  9:35  Zergling x4  
  137  9:42  Zerg Melee Weapons Level 2  
  137  9:44  Ravager x3  
  137  9:45  Ravager  
  140  9:46  Roach x6  
  140  9:47  Roach  
  150  9:54  Zergling x14  
  150  10:11  Overseer  
  149  10:24  Zergling x2  
  149  10:25  Zergling x4  
  149  10:29  Infestation Pit  
  149  10:32  Hydralisk Den  
  147  10:41  Overlord x2  
  147  10:42  Overlord x2  
  147  10:44  Overlord x3  
  145  10:50  Overseer  
  141  11:08  Muscular Augments  
  141  11:09  Hydralisk x15  
  141  11:10  Hydralisk x8  
  187  11:20  Zergling x8  
  187  11:21  Zergling x4  
  193  11:28  Hatchery  
  193  11:29  Zergling x8  
  193  11:30  Zergling x4  
  176  11:54  Zergling x12  
  176  11:55  Zergling x16  
  181  12:03  Zergling x8  
  181  12:05  Baneling  
  181  12:06  Baneling x5  
  162  12:18  Zergling x4, Roach x2  
  113  12:25  Hydralisk x2  
  107  12:33  Zergling x6  
  107  12:39  Zergling x6  
  107  12:41  Ravager  
  110  12:48  Zergling x6  
  110  12:50  Overseer  
  108  12:52  Overseer  
  108  12:56  Drone  
  108  12:57  Drone  
  104  13:06  Zergling x2  
  104  13:07  Zergling x4  
  100  13:16  Zergling x8  
  82  13:32  Zergling x6  
  82  13:33  Zergling x4  
  75  13:42  Zergling x2  
  75  13:43  Zergling x4  
  64  13:53  Overseer  

Tags
 
Add a new tag
Caveats
  • Supply blocks, unpowered buildings, or Contaminate may cause inaccurate times.
  • Supply counts are checked every 10 seconds.